Yev-Ruu, chaotic female vampiric Convict --- ------------------------------------------------- ---.---.--.|.--.*.............................[.)..0|.--- --....|..........----------------#------------------.....-- | |................| ....... |......--..| |................| -......- |.........- --................| | |......| |.......--- |.................#.| |....... |........- --.............|..|.| |......| .#0......|. --............---.| | --+--......-----+--- -- |......--- --.....%........--.| --+---+--......o................|......--- | |...|..............|..............{...o..0.{.0 ....|........| ...| |.-----......-----.| -- --- --.....--...--%..........|.............- --.| |......| |.| -----.|.ooo.|.------ -- |..........---- |..| |.....-- |.| |.|.)o..|.|..| |...--.....- --.-----.--..| |.| .|.o@o.|.-.(| |.)-- --..... |...--.--|..-- |.| .|..)).|[|(.| | |0.| ......- |<.....----..| |.| -------------.-------.---------.|.%| -....... ---......|...| |.|..............).)%).%.0..........#.-- -.....- |.......|..| |.-----------#-------[----#----------%| ------ ---.--.----- |0.......................%.........%..| ------ ------------------------------------- Yev-Ruu the Jail-bird Experience level: 7 Strength: 16 Dexterity: 9 Constitution: 20 Intelligence: 14 Wisdom: 9 Charisma: 7 Health: 0(80) Energy: 43(43) AC: 0 Gold: 351 Moves: 2322 Your Inventory: Coins $ - 351 gold pieces Weapons i - a [blessed +2] broad pick [of searching (dwarvish mattock)] Armor b - a cursed +0 striped shirt (being worn) o - an [uncursed] +1 hard hat [dwarvish iron helm] (being worn) p - an [uncursed] +0 pair of hard shoes [iron] (being worn) t - an [uncursed] +0 elven mithril-coat (being worn) Scrolls v - an [uncursed] scroll labeled ZELGO MER [of light] Potions z - a [blessed] amber potion [of gain ability] Rings n - an [uncursed] obsidian ring [of shock resistance] u - an [uncursed] obsidian ring [of shock resistance] w - an [uncursed] granite ring [of warning] Wands j - an [uncursed] black wand [of polymorph (0:7)] x - an [uncursed] bone wand [of create monster (0:15)] A - an [uncursed] bamboo wand [of magic missile (0:0)] B - an [uncursed] maple wand [of striking (0:0)] Tools g - an [uncursed] bag called Reggie [oilskin sack] h - an [uncursed] lock pick s - 4 [uncursed tallow] candles Gems l - an [uncursed] yellowish brown gem [amber] y - an [uncursed] red gem [jasper] Iron balls c - an uncursed heavy iron ball (chained to you) (weapon in hand) Contents of the oilskin sack: a cursed [-2] pair of boots called Curse [levitation] Spells known in the end: Name Level Category Fail Memory a - healing 1 healing 100% [||||||||] Your skills at the end: Fighting Skills Weapon Skills sling [Basic / Skilled] Spellcasting Skills Final Attributes: You were piously aligned. Hunger level was 468. Your alignment was 21 / 21. Monster difficulty range was 0 - 6. Level difficulty was 5. You were immune to poison. You were immune to level-drain. You were immune to sickness. You were punished. You could fly. You could survive without air. You regenerated. Your luck was zero. You are dead. Vanquished creatures: 2 orc-captains 2 Mordor orcs 3 Uruk-hai 3 orc shamans 2 gnome lords a floating eye 4 dwarves 5 hill orcs a coyote 2 hobbits a giant rat 23 gnomes 4 jackals 10 goblins 4 grid bugs a lichen a kobold zombie 3 newts 72 creatures vanquished. Voluntary challenges: You went without food. You never hit with a wielded weapon. You read items or engraved 1 time. You put on armor 5 times. You never genocided any monsters. You never polymorphed an object. You never changed form. You used no wishes. You abstained from Elbereth's help. You never encountered a bones level. You never used any Sokoban shortcuts. Dungeon overview: The Dungeons of Doom: levels 1 to 2 Level 1 an altar a long staircase Level 2 stairs to The Gnomish Mines The Gnomish Mines: levels 3 to 5 Level 3 stairs to The Dungeons of Doom Level 5 <- You were here a temple to Tymora, a magic chest, some fountains History has recorded: On T:1 you entered the Dungeons of Doom to retrieve the Amulet of Yendor! On T:658 you reached level 2 of The Dungeons of Doom. On T:802 you advanced to experience level 2. On T:996 you reached level 1 of The Gnomish Mines. On T:1052 you advanced to experience level 3. On T:1060 you advanced to experience level 4. On T:1154 you advanced to experience level 5. On T:1591 you reached level 2 of The Gnomish Mines. On T:1620 you advanced to experience level 6. On T:2046 you reached level 3 of The Gnomish Mines. On T:2251 you advanced to experience level 7. Latest messages: You are hit by a crude dagger. [HP-1=23] You miss the orc shaman. (2x) The Uruk-hai misses. [HP+1=24] You kill the orc shaman! The hill orc wields a crude dagger! The hill orc swings his curved sword. The hill orc hits! The Mordor orc swings her curved sword. The Mordor orc hits! The hill orc wields a knife! The hill orc picks up an iron skull cap. The hill orc swings his curved sword. The hill orc hits! The Uruk-hai misses. [HP-22=2] [2 turns] There is an altar to Tymora (chaotic) here. There are several objects here. The hill orc thrusts his crude dagger. The hill orc hits! You die... Final status: Goodbye Yev-Ruu the Convict... You died in The Gnomish Mines on dungeon level 5 with 2542 points, and 351 pieces of gold, after 2322 moves. You were level 7 with a maximum of 80 hit points when you died.